Frist, chaotic male elven Priest --- ------ ----.-- ---- ---..|.--- --- --- --.....| |..-- |........---.----.-- --.....-- |...| ----.............--...| |..--.------ --..------.............a.....@--- |...........---- --..........................sdq(. |.---------..|.-- -----|...------..--- -.----...... |.| |.....--- |....--.-- ..| -H. |.| --......----.......- H |.| ######.......[.|....-....- HH -----...#########.......[.).%........ |...|...|# --- ----......---.----<.. |.....>..-- -.--.|.......-|0..-- |... --........| |.............||....| |.. --........---......---.--.--...-- |...... ...........| ---|....^.- --.................---- --......| --.........--.|.......-- --.....| |.........------.---...| ---..-- --.----.--- --- --.-- ---- --- --- --- Frist the Adept Experience level: 9 Strength: 14 Dexterity: 13 Constitution: 16 Intelligence: 12 Wisdom: 16 Charisma: 9 Health: 0(63) Energy: 121(121) AC: -7 Gold: 29 Moves: 5010 Your Inventory: Coins $ - 29 gold pieces Weapons a - a blessed [+0] spear (alternate weapon; not wielded) b - a blessed rusty +1 mace (weapon in hand) F - 4 uncursed [+0] darts (in quiver) Armor c - an uncursed +0 small shield (being worn) n - an uncursed +0 pair of padded gloves [gauntlets of dexterity] t - a blessed greased +1 elven leather helm (being worn) u - an uncursed +0 pair of elven boots (being worn) B - an uncursed +0 elven mithril-coat (being worn) K - an uncursed +0 pair of leather gloves (being worn) U - an uncursed +0 robe (being worn) Comestibles k - an uncursed tripe ration X - an uncursed K-ration Rings o - an uncursed ring of levitation Tools l - an uncursed partly used [tallow] candle (lit) m - an uncursed partly used [tallow] candle s - an uncursed greased bag called holding ? [of holding] w - an uncursed magic whistle z - an uncursed towel N - an uncursed key [skeleton key] Gems f - an uncursed gray stone [flint] p - an uncursed orange gem [worthless glass] q - an uncursed violet gem [worthless glass] r - an uncursed yellowish brown gem [topaz] v - 2 uncursed green gems [worthless glass] Contents of the bag of holding: 242 gold pieces an uncursed [+0] forked polearm [spetum] an uncursed clove of garlic an uncursed sprig of wolfsbane an uncursed scroll labeled JUYED AWK YACC [of charging] an uncursed scroll labeled VENZAR BORGAVVE [of identify] an uncursed potion of full healing 3 potions of holy water an uncursed can of grease [0:16] an uncursed [tallow] candle 19 uncursed [wax] candles an uncursed tinning kit [0:79] an uncursed gray stone [flint] 2 uncursed yellow gems [worthless glass] Spells known in the end: Name Level Category Fail Memory a - detect monsters 1 divination 38% [||||||..] b - remove curse 3 clerical 0% [||||||..] c - magic missile 2 attack 52% [||||||||] Your skills at the end: Fighting Skills shield [Basic / Expert] Weapon Skills mace [Skilled / Expert] Spellcasting Skills clerical spells [Basic / Expert] Final Attributes: You were piously aligned. Hunger level was 306. Your alignment was 33 / 35. Monster difficulty range was 1 - 9. Level difficulty was 10. You were immune to sleep. You saw invisible. You had infravision. You were stealthy. Your luck was zero. You are dead. Vanquished creatures: a large mimic 10 small mimics a large cat a tengu an ochre jelly a carnivorous ape a soldier 3 watchmen 2 panthers a gremlin an iron piercer 2 rust monsters a dog a dwarf lord a snake a rope golem a pony 9 gnome lords 4 gnomish wizards a golden naga hatchling a barrow wight an elf zombie a straw golem a paper golem a wax golem 13 dwarves 2 orc zombies a wererat 4 iguanas 8 killer bees 4 hobbits 7 manes a large kobold 4 giant rats 3 cave spiders a brown mold a green mold 63 gnomes a gnome zombie 2 geckos 2 jackals 2 foxes a kobold 2 goblins 3 grid bugs a lichen a kobold zombie a newt 177 creatures vanquished. Voluntary challenges: You followed a strict vegan diet. You used a wielded weapon 332 times. You read items or engraved 1 time. You put on armor 33 times. You never genocided any monsters. You never polymorphed an object. You never changed form. You used no wishes. You never wrote Elbereth's name. You never encountered a bones level. You never used any Sokoban shortcuts. Dungeon overview: The Dungeons of Doom: levels 1 to 5 Level 1 a long staircase Level 2 an armor shop Level 3 a fountain Level 4 (Vault 1672) a tool shop, an altar to Loki stairs to The Gnomish Mines The Gnomish Mines: levels 5 to 11 Level 5 stairs to The Dungeons of Doom Level 8 many shops, a temple to Loki, a magic chest, some fountains Level 10 <- You were here History has recorded: On T:1 you entered the Dungeons of Doom to retrieve the Amulet of Yendor! On T:36 you reached level 2 of The Dungeons of Doom. On T:403 you reached level 3 of The Dungeons of Doom. On T:686 you advanced to experience level 2. On T:938 you advanced to experience level 3. On T:991 you reached level 4 of The Dungeons of Doom. On T:1014 you advanced to experience level 4. On T:1365 you reached level 1 of The Gnomish Mines. On T:1426 you advanced to experience level 5. On T:1685 you reached level 5 of The Dungeons of Doom. On T:1798 you advanced to experience level 6. On T:2059 you advanced to experience level 7. On T:2433 you reached level 2 of The Gnomish Mines. On T:2912 you reached level 3 of The Gnomish Mines. On T:3025 you advanced to experience level 8. On T:3165 you reached level 4 of The Gnomish Mines. On T:3714 you received Orcrist from Loki. On T:3893 you advanced to experience level 9. On T:4248 you reached level 5 of The Gnomish Mines. On T:4341 you reached level 6 of The Gnomish Mines. On T:4888 you reached level 7 of The Gnomish Mines. Latest messages: Kala bites the tengu. The tengu misses Kala. [HP+1=21] You hit the tengu. The scorpion misses. The scorpion hits! The scorpion stings! The tengu misses. Kala bites the tengu. The tengu is killed! [HP-2=19] You hit the scorpion. The scorpion hits! The scorpion misses. (2x) Kala eats a tengu corpse. [HP-1=18] b - a blessed rusty +1 mace (weapon in hand). a - a blessed spear (alternate weapon; not wielded). You hit the scorpion! The scorpion misses. (3x) The mumak butts! You die... Final status: Goodbye Frist the Priest... You died in The Gnomish Mines on dungeon level 10 with 916 points, and 271 pieces of gold, after 5010 moves. You were level 9 with a maximum of 63 hit points when you died.